 Dungeon Crawl Stone Soup version 0.31-a0-233-g139696dc86 (webtiles) character file.

Game seed: 4526879266480833474

2979 MisterAzrael the Fighter (level 9, 0/77 (81) HPs)
             Began as a Hill Orc Fighter on July 8, 2023.
             Was an Initiate of Yredelemnul.
             Slain by a wight
             ... wielding a +2 short sword of freezing
              (3 damage)
             ... on level 6 of the Dungeon.
             The game lasted 00:12:59 (6240 turns).

MisterAzrael the Fighter (Hill Orc Fighter)         Turns: 6240, Time: 00:13:00

HP:   0/77 (81)     AC: 15    Str: 25    XL:     9   Next: 82%
MP:   9/9           EV:  9    Int:  8    God:    Yredelemnul [......]
Gold: 317           SH:  0    Dex: 10    Spells: 8/8 levels left

rFire   . . .        z - +4 spear of Quick Death {spect, *Rage Will++ Str+2}
rCold   . . .        c - +0 buckler
rNeg    . . .        b - +1 scale mail
rPois   .            (no helmet)
rElec   +            (no cloak)
rCorr   .            h - +1 pair of gloves
SInv    .            (no boots)
Will    ++...        (no amulet) Stlth
                     m - +4 ring of protection
HPRegen 0.32/turn    (no ring)
MPRegen 0.11/turn

%: random rage (20%)
@: confused, ambrosia-drunk, on berserk cooldown, slowed, lightly drained, very
slow
A: electricity resistance
a: Renounce Religion, Recall Undead Harvest


You were on level 6 of the Dungeon.
You worshipped Yredelemnul.
Yredelemnul was noncommittal.
You visited 2 branches of the dungeon, and saw 7 of its levels.

You collected 317 gold pieces.

Inventory:

Hand Weapons
 a - a +0 war axe
 f - a +4 quarterstaff of chaos
 g - a +2 trident of protection
 z - the +4 spear of Quick Death (weapon) {spect, *Rage Will++ Str+2}
   (You found it on level 6 of the Dungeon)

   Str:       It affects your strength (+2).
   *Rage:     It berserks you when you make melee attacks (+20% chance).
   Will:      It greatly increases your willpower.
Armour
 b - a +1 scale mail (worn)
 c - a +0 buckler (worn)
 h - a +1 pair of gloves (worn)
 y - a +0 pair of boots
Jewellery
 d - a ring of magical power
 m - a +4 ring of protection (left hand)
Wands
 n - a wand of charming (5)
Scrolls
 e - 2 scrolls of identify
 o - a scroll of enchant armour
 q - a scroll of immolation {unknown}
 s - a scroll of enchant weapon {unknown}
 u - a scroll of revelation {unknown}
 v - a scroll of teleportation {unknown}
Potions
 j - 2 potions of enlightenment
 k - a potion of mutation
 r - a potion of lignification {unknown}
 w - a potion of cancellation {unknown}
 x - a potion of magic


   Skills:
 + Level 8.3 Fighting
 - Level 5.4(8.0) Axes
 * Level 7.5(8.8) Polearms
 + Level 4.2(5.9) Staves
 + Level 7.5 Armour
 - Level 5.2 Shields


You had 8 spell levels left.
You didn't know any spells.
Your spell library contained the following spells:

 Spells                   Type           Power      Damage    Failure   Level
 Freeze                   Ice            0%         1d3       73%         1
 Ensorcelled Hibernation  Hex/Ice        0%         N/A       86%         2
 Frozen Ramparts          Ice            0%         1d1       97%         3
 Hailstorm                Conj/Ice       0%         3d3       97%         3
 Ozocubu's Armour         Ice            0%         N/A       97%         3
 Spider Form              Tmut/Pois      0%         N/A       97%         3
 Anguish                  Hex/Necr       0%         N/A       100%        4
 Petrify                  Tmut/Erth      0%         N/A       100%        4
 Metabolic Englaciation   Hex/Ice        0%         N/A       100%        5
 Statue Form              Tmut/Erth      0%         N/A       100%        6
 Ozocubu's Refrigeration  Ice            0%         4d7       100%        7


Dungeon Overview and Level Annotations

Branches:
Dungeon (6/15)             Temple (1/1) D:4

Altars:
Gozag
Hepliaklqana
Kikubaaqudgha
Sif Muna
Trog
Uskayaw
Vehumet
Wu Jian
Xom
Yredelemnul

Shops:
D:2 [   D:4 (


Innate Abilities, Weirdness & Mutations

You are resistant to electric shocks. (rElec)


Message History

Your +4 spear of Quick Death {spect, *Rage Will++ Str+2} hits the wight.
The wight hits you with a +4 great sword.
You feel drained.
The wight hits you with a +0 dire flail.
You closely miss the wight.
The wight is heavily damaged.
Your +4 spear of Quick Death {spect, *Rage Will++ Str+2} hits the wight.
The wight hits you with a +4 great sword.
The wight hits you with a +0 dire flail!
* * * LOW HITPOINT WARNING * * *
You feel drained.
* * * LOW HITPOINT WARNING * * *
The wight hits you but does no damage.
Okay, then.
It was a potion of mutation.
You feel extremely strange.
You feel insulated.
Your +4 spear of Quick Death {spect, *Rage Will++ Str+2} disappears.
The wight hits you with a +4 great sword.
* * * LOW HITPOINT WARNING * * *
The wight hits you with a +0 dire flail.
* * * LOW HITPOINT WARNING * * *
The wight hits you but does no damage. You block the wight's attack.
The wight barely misses you.
It was a potion of ambrosia.
You are confused.
You feel invigorated.
The wight hits you with a +2 short sword of freezing.
* * * LOW HITPOINT WARNING * * *
The wight freezes you.
* * * LOW HITPOINT WARNING * * *
The wight hits you but does no damage. The wight barely misses you.
The wight hits you but does no damage. The wight hits you but does no damage.
The wight hits you with a +0 dire flail!
* * * LOW HITPOINT WARNING * * *
The wight hits you with a +2 short sword of freezing!
* * * LOW HITPOINT WARNING * * *
The wight freezes you.
You die...
Your body rises from the dead as a mindless zombie.

###########
#..........
#..........
#..........
#..........
#..........
#..@.......
#.zzz....(.
#...##.....
#..)##.....
#..........
#..........
#..........
#.........<
.....#
#.......?..
.....+


You could see 3 wights.

Vanquished Creatures
  Pikel (D:5)
  Grinder (D:6)
  Sigmund (D:4)
  A shadow (D:6)
  3 yaks (D:6)
  Menkaure (D:5)
  An ogre (D:6)
  A lemure (D:5)
  2 phantoms
  Blork the orc (D:4)
  2 bullfrogs (D:5)
  A scorpion (D:6)
  6 wights (D:6)
  A jelly (D:6)
  An orc priest (D:5)
  A hound (D:4)
  Terence (D:3)
  4 iguanas
  7 orc wizards
  9 adders
  2 ufetubi
  A worm (D:2)
  3 dart slugs
  16 orcs
  9 ball pythons
  3 bats
  2 endoplasms
  3 giant cockroaches
  4 goblins
  3 hobgoblins
  7 kobolds
  3 quokkas
  2 frilled lizards (D:1)
  4 rats
108 creatures vanquished.

Vanquished Creatures (collateral kills)
  Crazy Yiuf (D:4)
  2 orc wizards (D:6)
  An adder (D:6)
  4 orcs
  A giant cockroach (D:4)
  A goblin (D:4)
10 creatures vanquished.

Vanquished Creatures (others)
  A spectral shadow imp (D:6)
  A yak zombie (D:6)
  A scorpion zombie (D:6)
  A hound zombie (D:4)
  3 adder zombies
  A human zombie (D:4)
  2 iguana zombies
  A goblin zombie (D:4)
  5 orc zombies (D:6)
  A quokka zombie (D:5)
  2 spectral ufetubi
19 creatures vanquished.

Grand Total: 137 creatures vanquished

Notes
Turn   | Place    | Note
-------+----------+-------------------------------------------
     0 | D:1      | MisterAzrael the Hill Orc Fighter began the quest for the
                  | Orb.
     0 | D:1      | Reached XP level 1. HP: 19/19 MP: 1/1
   226 | D:1      | Reached XP level 2. HP: 24/27 MP: 2/2
   563 | D:1      | Found a faded altar of an unknown god.
  1015 | D:2      | Reached skill level 4 in Fighting
  1015 | D:2      | Reached XP level 3. HP: 29/33 MP: 3/3
  1609 | D:2      | Reached XP level 4. HP: 36/40 MP: 4/4
  1786 | D:2      | Found Bacops's Antique Armour Shop.
  1952 | D:3      | Noticed Terence
  1967 | D:3      | Killed Terence
  1968 | D:3      | Reached XP level 5. HP: 15/47 MP: 5/5
  3068 | D:4      | Found a staircase to the Ecumenical Temple.
  3077 | Temple   | Entered the Ecumenical Temple
  3099 | Temple   | Became a worshipper of Yredelemnul the Dark
  3148 | D:4      | Noticed Blork the orc
  3159 | D:4      | Killed Blork the orc
  3160 | D:4      | Reached skill level 5 in Fighting
  3160 | D:4      | Reached XP level 6. HP: 28/56 MP: 6/6
  3277 | D:4      | Found Utaifarph's Firing Range.
  3316 | D:4      | Reached * piety under Yredelemnul
  3577 | D:4      | Noticed Sigmund
  3586 | D:4      | Killed Sigmund
  3587 | D:4      | Reached skill level 5 in Axes
  3587 | D:4      | Reached skill level 5 in Armour
  3587 | D:4      | Reached skill level 5 in Shields
  3587 | D:4      | Reached XP level 7. HP: 61/61 MP: 7/7
  3655 | D:4      | Reached ** piety under Yredelemnul
  3719 | D:4      | Found a runed translucent door.
  3720 | D:4      | Noticed Crazy Yiuf
  3743 | D:4      | Your ally Sigmund died
  3752 | D:4      | Killed Crazy Yiuf
  3755 | D:4      | HP: 2/59 [poisoned by Crazy Yiuf]
  4242 | D:5      | Entered Level 5 of the Dungeon
  4291 | D:5      | Reached skill level 1 in Polearms
  4379 | D:5      | Found a radiant altar of Vehumet.
  4530 | D:5      | Reached skill level 6 in Fighting
  4655 | D:5      | Reached skill level 1 in Staves
  4816 | D:5      | Noticed Pikel
  4835 | D:5      | Killed Pikel
  4836 | D:5      | Reached XP level 8. HP: 55/71 MP: 8/8
  4903 | D:5      | Noticed Menkaure
  4910 | D:5      | Killed Menkaure
  5259 | D:5      | Reached skill level 7 in Fighting
  5266 | D:5      | Reached skill level 5 in Polearms
  5933 | D:6      | Noticed Grinder
  5934 | D:6      | Reached XP level 9. HP: 73/79 MP: 4/9
  5959 | D:6      | Paralysed by Grinder for 5 turns
  5981 | D:6      | Paralysed by Grinder for 4 turns
  5985 | D:6      | Killed Grinder
  6035 | D:6      | Identified the +4 spear of Quick Death {spect, *Rage Will++
                  | Str+2}
  6143 | D:6      | Reached skill level 8 in Fighting
  6173 | D:6      | Your ally Grinder died
  6238 | D:6      | Gained mutation: You are resistant to electric shocks.
                  | (rElec) [potion of mutation]
  6240 | D:6      | HP: 3/77 [wight/+2 short sword of freezing (7)]
  6240 | D:6      | Slain by a wight

Illustrated notes

Levels and vault maps discovered:
D:1:      dpeg_arrival_radiant, layout_basic,
          chequers_ecumenical_altar_simple_redux
D:2:      layout_basic, serial_shops, shop
D:3:      layout_loops_ring, uniq_terence
D:4:      layout_basic, minmay_temple_entry_wispy, serial_bayou_lagoon_a,
          minivault_1, nicolae_shop_firing_range, uniq_blork_the_orc,
          uniq_crazy_yiuf_cottage, uniq_sigmund
D:5:      layout_loops_corners, mainiacjoe_overflow_chevrons, uniq_pikel,
          uniq_menkaure
D:6:      layout_gridville, grunt_potential, uniq_grinder
Temple:   nicolae_temple_bog_church

Skill      XL: |  1  2  3  4  5  6  7  8  9 |
---------------+----------------------------+-----
Axes           | 3 4 5 |  5.4
Fighting       | 4 5 6 7 8 |  8.3
Armour         | 4 5 6 7 |  7.5
Shields        | 4 5 |  5.2
Polearms       | 4 5 7 |  7.5
Staves         | 2 3 4 |  4.2

Action                     |  1- 3 |  4- 6 |  7- 9 || total
---------------------------+-------+-------+-------++-------
  Melee: War axe           |    78 |    83 |    21 ||   182
         Trident           |       |       |   181 ||   181
         Quarterstaff      |       |       |    20 ||    20
         Spear             |       |       |    32 ||    32
 Invoke: Recall Undead Har |       |       |     2 ||     2
         Dark Bargain      |       |       |     2 ||     2
    Use: Potion            |       |     2 |    12 ||    14
         Scroll            |       |       |     6 ||     6
   Stab: Distracted        |       |       |     1 ||     1
 Armour: Scale mail        |    33 |    32 |   137 ||   202
  Dodge: Dodged            |    37 |    44 |    71 ||   152
  Block: Buckler           |    17 |    21 |    38 ||    76

Table legend: (Time is in decaauts)
 A = Elapsed time spent in this place.
 B = Non-inter-level travel time spent in this place.
 C = Inter-level travel time spent in this place.
 D = Time resting spent in this place.
 E = Time spent auto-exploring this place.
 F = Levels seen in this place.
 G = Mean time per level.
                   A        B        C        D        E       F      G
               +--------+--------+--------+--------+--------+-----+--------+
         Total |   6311 |   6077 |    234 |   1050 |   3810 |   7 |  901.6 |
       Dungeon |   6267 |   6033 |    234 |   1050 |   3804 |   6 | 1044.5 |
        Temple |     43 |     43 |      0 |      0 |      6 |   1 |   43.0 |
               +--------+--------+--------+--------+--------+-----+--------+

Top non-repeatable levels by time:
     D:5: 1366 daAuts
     D:4: 1167 daAuts
     D:3: 1151 daAuts
     D:1: 982 daAuts
     D:2: 963 daAuts
     D:6: 636 daAuts
  Temple: 43 daAuts
